[ AOE2 MATCH · #505892051 ]
UnrankedSlavs vs Italians
Player's team · LOSS
Rival team · WIN
[ REPLAY ANALYSIS · EXTRACTED FROM THE RECORDED GAME ]
Feudal
9:02
Castle
—
Imperial
—
| APM avg | 60.2 |
| APM peak | 81 |
| eAPM avg | 21.1 |
| Villagers / military | 41 / 13 |
Focus
⚔️ 36.8% · 🌾 63.2%
Archer ×13
Feudal
10:10
Castle
—
Imperial
—
| APM avg | 78.6 |
| APM peak | 115 |
| eAPM avg | 39.4 |
| Villagers / military | 44 / 25 |
Focus
⚔️ 44.5% · 🌾 55.5%
Skirmisher ×19 · Militia ×4 · Archer ×1 · Spearman ×1
Match map
Initial resources + every placement click. Lines = walls · curves = elevation contours. ◆ gold · ⬟ stone · ● berries · ✦ relic · ◌ wall gap
Your base· Open — unwalled flank
Schrödinger's base· Open — unwalled flank
Smoothed initial terrain · ◌ = detected wall gap · hover for details
Inputs per minute
— Dr Housed - - Schrödinger
Build order — Dr Housed
103 actions detected in the replay
| 0:00 | Queue | Villager (Male) |
| 0:02 | Build | House |
| 0:03 | Build | House |
| 0:09 | Queue | Villager (Male) |
| 0:13 | Queue | Villager (Male) |
| 0:22 | Queue | Villager (Male) |
| 1:33 | Queue | Villager (Male) |
| 1:48 | Queue | Villager (Male) |
| 1:51 | Build | Lumber Camp |
| 2:27 | Queue | Villager (Male) |
| 2:57 | Queue | Villager (Male) |
| 2:58 | Queue | Villager (Male) |
| 3:45 | Queue | Villager (Male) |
| 3:46 | Queue | Villager (Male) |
| 3:53 | Build | House |
| 4:33 | Queue | Villager (Male) |
| 4:34 | Queue | Villager (Male) |
| 4:39 | Queue | Villager (Male) |
| 5:08 | Build | Barracks |
| 5:51 | Research | Loom |
| 5:53 | Queue | Villager (Male) |
| 5:53 | Research | Loom |
| 6:52 | Research | Feudal Age |
| 7:33 | Build | Mining Camp |
| 8:18 | Queue | Villager (Male) |
| 8:39 | Build | Palisade Wall |
| 8:54 | Build | Palisade Wall |
| 8:57 | Queue | Villager (Male) |
| 9:02 | Age | Feudal Age |
| 9:04 | Build | Archery Range |
| 9:14 | Research | Double-Bit Axe |
| 9:39 | Build | Palisade Wall |
| 9:42 | Queue | Villager (Male) |
| 9:53 | Queue | Archer |
| 9:53 | Queue | Archer |
| 9:56 | Queue | Villager (Male) |
| 10:14 | Build | Mill |
| 10:21 | Queue | Archer |
| 10:25 | Queue | Villager (Male) |
| 10:31 | Build | House |
| 10:39 | Queue | Villager (Male) |
| 10:45 | Queue | Archer |
| 10:56 | Queue | Archer |
| 11:00 | Queue | Villager (Male) |
| 11:02 | Build | Farm |
| 11:04 | Build | Farm |
| 11:06 | Build | Farm |
| 11:11 | Queue | Archer |
| 11:12 | Queue | Villager (Male) |
| 11:17 | Build | Palisade Wall |
| 11:28 | Build | Palisade Wall |
| 11:29 | Build | Palisade Wall |
| 11:31 | Build | Palisade Wall |
| 11:32 | Build | Palisade Wall |
| 11:40 | Queue | Villager (Male) |
| 11:42 | Build | Farm |
| 11:44 | Build | Farm |
| 11:53 | Queue | Archer |
| 12:04 | Queue | Villager (Male) |
| 12:15 | Build | Blacksmith |
| 12:20 | Queue | Archer |
| 12:29 | Build | House |
| 12:30 | Build | Palisade Wall |
| 12:42 | Queue | Villager (Male) |
| 13:00 | Research | Fletching |
| 13:02 | Queue | Villager (Male) |
| 13:04 | Build | Farm |
| 13:07 | Build | Farm |
| 13:09 | Build | Farm |
| 13:20 | Build | House |
| 13:23 | Research | Town Watch |
| 13:26 | Queue | Archer |
| 13:40 | Build | Farm |
| 13:50 | Queue | Villager (Male) |
| 13:56 | Build | Farm |
| 14:01 | Queue | Archer |
| 14:12 | Build | Farm |
| 14:14 | Build | Farm |
| 14:16 | Queue | Villager (Male) |
| 14:29 | Build | House |
| 14:29 | Build | House |
| 14:36 | Queue | Villager (Male) |
| 14:49 | Queue | Villager (Male) |
| 14:52 | Build | Farm |
| 15:10 | Queue | Villager (Male) |
| 15:16 | Queue | Archer |
| 15:21 | Queue | Villager (Male) |
| 15:22 | Queue | Archer |
| 15:24 | Queue | Villager (Male) |
| 15:28 | Build | House |
| 15:38 | Queue | Villager (Male) |
| 15:57 | Queue | Villager (Male) |
| 16:14 | Queue | Villager (Male) |
| 16:17 | Queue | Villager (Male) |
| 16:19 | Build | House |
| 16:21 | Build | House |
| 16:33 | Queue | Archer |
| 16:40 | Build | Mining Camp |
| 16:47 | Queue | Villager (Male) |
| 17:12 | Queue | Villager (Male) |
| 17:55 | Build | Market |
| 18:02 | Build | House |
| 18:19 | Queue | Villager (Male) |
Build order — Schrödinger
119 actions detected in the replay
| 0:00 | Queue | Villager (Male) |
| 0:01 | Queue | Villager (Male) |
| 0:02 | Build | House |
| 0:02 | Build | House |
| 0:10 | Queue | Villager (Male) |
| 0:18 | Queue | Villager (Male) |
| 1:24 | Queue | Villager (Male) |
| 1:24 | Queue | Villager (Male) |
| 1:55 | Build | Lumber Camp |
| 1:56 | Queue | Villager (Male) |
| 2:21 | Queue | Villager (Male) |
| 2:44 | Queue | Villager (Male) |
| 3:07 | Queue | Villager (Male) |
| 3:43 | Queue | Villager (Male) |
| 3:51 | Build | House |
| 4:02 | Queue | Villager (Male) |
| 4:28 | Build | Barracks |
| 4:29 | Queue | Villager (Male) |
| 4:50 | Build | House |
| 4:56 | Queue | Villager (Male) |
| 5:12 | Queue | Villager (Male) |
| 5:26 | Queue | Militia |
| 5:26 | Queue | Militia |
| 5:44 | Queue | Villager (Male) |
| 6:06 | Queue | Militia |
| 6:10 | Queue | Villager (Male) |
| 6:17 | Build | House |
| 6:45 | Queue | Villager (Male) |
| 6:56 | Queue | Villager (Male) |
| 7:21 | Research | Loom |
| 7:24 | Build | Mill |
| 7:56 | Research | Feudal Age |
| 8:11 | Build | Mining Camp |
| 8:53 | Queue | Militia |
| 8:57 | Build | Palisade Wall |
| 9:15 | Queue | Villager (Male) |
| 9:26 | Queue | Villager (Male) |
| 10:10 | Age | Feudal Age |
| 10:14 | Build | Archery Range |
| 10:16 | Research | Double-Bit Axe |
| 10:18 | Research | Horse Collar |
| 10:19 | Queue | Villager (Male) |
| 10:35 | Research | Man-at-Arms (upgrade) |
| 10:57 | Queue | Skirmisher |
| 10:57 | Queue | Skirmisher |
| 10:57 | Queue | Skirmisher |
| 11:00 | Queue | Villager (Male) |
| 11:03 | Build | Blacksmith |
| 11:11 | Queue | Spearman |
| 11:17 | Build | House |
| 11:24 | Queue | Skirmisher |
| 11:34 | Queue | Villager (Male) |
| 11:38 | Build | House |
| 11:45 | Build | House |
| 11:54 | Queue | Skirmisher |
| 12:07 | Queue | Villager (Male) |
| 12:17 | Build | House |
| 12:20 | Build | Farm |
| 12:21 | Build | Farm |
| 12:21 | Build | Farm |
| 12:27 | Build | Farm |
| 12:28 | Queue | Villager (Male) |
| 12:33 | Build | Palisade Wall |
| 12:36 | Build | Palisade Wall |
| 12:46 | Queue | Skirmisher |
| 12:58 | Queue | Villager (Male) |
| 13:01 | Queue | Archer |
| 13:06 | Build | Farm |
| 13:11 | Queue | Skirmisher |
| 13:19 | Build | House |
| 13:20 | Build | House |
| 13:25 | Queue | Villager (Male) |
| 13:28 | Build | House |
| 13:30 | Build | Palisade Wall |
| 13:32 | Build | Palisade Wall |
| 13:36 | Queue | Skirmisher |
| 13:37 | Queue | Skirmisher |
| 13:48 | Queue | Skirmisher |
| 14:00 | Queue | Villager (Male) |
| 14:10 | Build | Farm |
| 14:12 | Build | Farm |
| 14:21 | Research | Fletching |
| 14:21 | Research | Fletching |
| 14:27 | Build | Farm |
| 14:30 | Queue | Villager (Male) |
| 14:54 | Queue | Villager (Male) |
| 14:55 | Queue | Skirmisher |
| 15:03 | Build | Farm |
| 15:04 | Build | Farm |
| 15:10 | Build | Farm |
| 15:19 | Queue | Villager (Male) |
| 15:26 | Queue | Villager (Male) |
| 15:28 | Build | Farm |
| 15:33 | Queue | Villager (Male) |
| 15:43 | Queue | Skirmisher |
| 15:49 | Queue | Villager (Male) |
| 15:50 | Build | Farm |
| 16:10 | Queue | Villager (Male) |
| 16:13 | Queue | Villager (Male) |
| 16:15 | Queue | Skirmisher |
| 16:17 | Queue | Villager (Male) |
| 16:21 | Build | Farm |
| 16:23 | Queue | Skirmisher |
| 16:27 | Queue | Villager (Male) |
| 16:36 | Build | Farm |
| 16:39 | Build | Farm |
| 16:52 | Queue | Villager (Male) |
| 16:56 | Build | House |
| 16:59 | Build | House |
| 17:01 | Queue | Skirmisher |
| 17:13 | Queue | Villager (Male) |
| 17:18 | Queue | Skirmisher |
| 17:29 | Queue | Skirmisher |
| 17:31 | Queue | Villager (Male) |
| 17:46 | Build | Farm |
| 17:48 | Queue | Skirmisher |
| 17:50 | Queue | Skirmisher |
| 18:08 | Queue | Villager (Male) |
| 18:20 | Queue | Villager (Male) |
Match timeline
| 4:28 | Schrödinger · first_building Barracks |
| 5:08 | Dr Housed · first_building Barracks |
| 8:39 | Dr Housed · wall_segment Palisade Wall x5 |
| 8:54 | Dr Housed · wall_segment Palisade Wall x5 |
| 8:57 | Schrödinger · wall_segment Palisade Wall x11 |
| 9:02 | Dr Housed · age_up feudal |
| 9:04 | Dr Housed · first_building Archery Range |
| 9:39 | Dr Housed · wall_segment Palisade Wall x1 |
| 10:10 | Schrödinger · age_up feudal |
| 10:14 | Schrödinger · first_building Archery Range |
| 11:17 | Dr Housed · wall_segment Palisade Wall x1 |
| 11:28 | Dr Housed · wall_segment Palisade Wall x1 |
| 11:29 | Dr Housed · wall_segment Palisade Wall x1 |
| 11:31 | Dr Housed · wall_segment Palisade Wall x1 |
| 11:32 | Dr Housed · wall_segment Palisade Wall x1 |
| 12:30 | Dr Housed · wall_segment Palisade Wall x1 |
| 12:33 | Schrödinger · wall_segment Palisade Wall x7 |
| 12:36 | Schrödinger · wall_segment Palisade Wall x8 |
| 13:30 | Schrödinger · wall_segment Palisade Wall x3 |
| 13:32 | Schrödinger · wall_segment Palisade Wall x4 |
| 18:26 | Dr Housed · resign |
[ AI ANALYSIS · 1 CREDIT ]
What really happened in this match?
Wolo.gg analyzes every decision: build order, eco, micro, common mistakes by bracket. Personalized analysis on WhatsApp or Discord in 30 seconds.
Civ guide
Slavs
Perfil
Jugador #6892920